Map: Altitude LE

Players

winzboy

  • Race: Protoss Protoss
  • League: Gold
  • Spawn Location: 7:00

若冬涉川 - Winner!

  • Race: Zerg Zerg
  • League: Gold
  • Spawn Location: 1:00

VOD

Have the link to the VOD?

Description

Time

  • Played on: May 24, 2023, 9:43 p.m.
  • Length: 11:12
Show
View Real Time Build Order
Export as new Build Order

winzboy Protoss 

Build Orders: 1 Gate Expand 

Get SALT Encoding   

  12  0:03  Probe  
  13  0:22  Pylon  
  13  0:23  Probe  
  14  0:35  Probe  
  15  0:48  Gateway  
  15  0:54  Probe  
  16  1:06  Probe (Chrono Boost)  
  16  1:10  Assimilator  
  17  1:15  Probe (Chrono Boost)  
  18  1:33  Probe  
  18  1:36  Nexus  
  19  1:44  Cybernetics Core  
  19  1:55  Pylon  
  19  1:57  Probe  
  20  2:14  Probe  
  21  2:25  Pylon, Stalker (Chrono Boost)  
  21  2:26  Probe  
  24  2:41  Assimilator  
  24  2:44  Probe  
  25  2:56  Probe  
  26  3:05  Probe  
  27  3:08  Probe  
  28  3:17  Probe  
  29  3:20  Probe  
  29  3:22  Warp Gate (Chrono Boost)  
  29  3:26  Stalker  
  32  3:32  Probe  
  33  3:44  Probe, Gateway  
  33  3:48  Gateway  
  34  3:52  Robotics Facility  
  34  3:54  Pylon  
  34  3:56  Probe, Stalker  
  37  4:08  Probe  
  38  4:20  Probe  
  38  4:21  Probe  
  40  4:32  Probe  
  40  4:33  Probe  
  40  4:37  Twilight Council  
  42  4:42  Pylon  
  42  4:44  Probe  
  42  4:45  Probe  
  44  4:51  Assimilator  
  44  4:56  Probe  
  44  4:57  Probe  
  46  5:07  Pylon  
  46  5:08  Probe  
  46  5:09  Probe  
  48  5:20  Probe  
  49  5:21  Probe  
  49  5:23  Gateway  
  49  5:24  Gateway  
  49  5:27  Gateway  
  50  5:29  Gateway  
  50  5:30  Gateway  
  50  5:32  Probe, Gateway  
  50  5:33  Probe  
  50  5:34  Assimilator  
  52  5:38  Stalker x2  
  52  5:40  Gateway  
  52  5:42  Stalker  
  58  5:44  Probe  
  58  5:45  Probe  
  60  5:52  Observer (Chrono Boost)  
  60  5:56  Probe  
  62  5:57  Probe  
  63  6:05  Charge (Chrono Boost)  
  63  6:10  Immortal (Chrono Boost)  
  67  6:13  Probe x2  
  69  6:25  Probe x2  
  71  6:32  Pylon  
  71  6:34  Zealot  
  71  6:35  Pylon, Zealot  
  71  6:37  Pylon, Zealot  
  77  6:43  Pylon  
  77  6:50  Immortal, Forge  
  81  7:17  Templar Archives  
  81  7:20  Pylon  
  81  7:26  Pylon  
  81  7:29  Zealot x3  
  91  7:30  Immortal, Zealot x2, Pylon  
  91  7:31  Zealot x2  
  91  7:32  Zealot  
  101  8:05  Zealot  
  101  8:06  Zealot x3  
  101  8:07  Zealot x3  
  101  8:08  Warp Prism, Zealot  
  101  8:09  Zealot  
  101  8:10  Zealot  
  115  8:27  Zealot x3  
  115  8:28  Zealot  
  123  9:13  Zealot x2  
  123  9:14  Zealot x3  
  117  9:50  High Templar  
  117  9:51  High Templar x3  
  117  9:52  High Templar x2  
  129  9:55  Nexus  
  129  9:59  Pylon  
  129  10:01  Pylon  
  129  10:03  Pylon  
  129  10:04  Archon x2  
  129  10:05  Pylon  
  129  10:06  Zealot  
  131  10:07  Zealot  
  85  10:21  Zealot  
  85  10:22  Zealot  
  85  10:23  Zealot x2  
  57  10:36  Zealot x2  
  57  10:37  Zealot  
  57  10:38  Zealot x3  
  69  10:52  Zealot x3  
  69  10:53  Zealot  
  73  10:58  Zealot  
  73  10:59  Zealot x2  
Show
View Real Time Build Order
Export as new Build Order

若冬涉川 Zerg - Winner!

Build Orders: Hatch First 

Get SALT Encoding   

  12  0:02  Drone  
  13  0:11  Overlord  
  13  0:17  Drone  
  14  0:30  Drone x2  
  16  0:36  Drone  
  17  0:53  Hatchery  
  17  0:57  Drone  
  17  1:00  Drone  
  18  1:12  Extractor  
  18  1:18  Spawning Pool  
  16  1:19  Drone  
  16  1:21  Drone  
  18  1:30  Drone  
  19  1:39  Overlord  
  19  2:08  Queen, Zergling x6  
  22  2:09  Queen  
  26  2:21  Drone x2  
  28  2:35  Drone, Hatchery  
  28  2:36  Drone  
  29  2:43  Metabolic Boost  
  29  2:50  Queen  
  31  2:55  Drone  
  31  2:56  Drone  
  33  2:59  Drone  
  33  3:01  Drone  
  35  3:06  Overlord  
  35  3:09  Drone  
  36  3:31  Drone  
  36  3:32  Drone x7  
  44  3:34  Overlord  
  44  3:36  Overlord  
  44  4:02  Drone x7  
  51  4:03  Drone, Overlord  
  51  4:04  Zergling x4  
  54  4:18  Queen  
  54  4:20  Queen  
  54  4:23  Zergling x6  
  54  4:24  Zergling x4  
  63  4:28  Lair  
  63  4:35  Baneling Nest  
  63  4:38  Zergling x2  
  63  4:39  Zergling x6  
  66  4:55  Overlord x2  
  66  4:56  Zergling x2  
  66  4:57  Zergling x10  
  72  5:06  Drone  
  72  5:07  Drone, Evolution Chamber  
  74  5:09  Extractor, Evolution Chamber  
  74  5:11  Drone  
  74  5:12  Extractor, Drone x2, Overlord  
  74  5:13  Extractor, Overlord  
  72  5:14  Drone  
  72  5:15  Drone x4  
  77  5:26  Drone  
  77  5:27  Drone x2  
  78  5:52  Zerg Ground Armor Level 1  
  78  5:55  Drone x3  
  78  5:56  Drone x3  
  84  5:57  Drone  
  84  5:58  Drone x2  
  87  6:21  Extractor x2  
  85  6:30  Roach Warren  
  85  6:31  Hatchery  
  83  6:34  Hydralisk Den  
  83  6:39  Drone x3  
  85  6:41  Drone x3  
  85  6:46  Zerg Missile Weapons Level 1  
  88  6:49  Overlord  
  88  6:50  Overlord x2  
  88  7:05  Queen x2  
  88  7:06  Queen  
  94  7:10  Hatchery, Centrifugal Hooks  
  94  7:13  Glial Reconstitution  
  94  7:14  Grooved Spines  
  93  7:17  Zergling x2  
  93  7:18  Zergling x36  
  112  7:51  Zerg Ground Armor Level 2  
  112  7:57  Infestation Pit  
  112  7:58  Drone x7  
  112  7:59  Drone x10  
  112  8:00  Queen  
  130  8:26  Muscular Augments  
  124  8:29  Roach  
  124  8:30  Roach x8  
  138  8:38  Zergling x2  
  138  8:40  Roach, Overlord x2  
  138  8:41  Overlord  
  141  8:44  Baneling  
  141  8:45  Baneling x14  
  141  8:58  Extractor  
  141  8:59  Extractor, Hive  
  139  9:08  Roach  
  139  9:09  Roach x12  
  146  9:33  Roach x11  
  161  9:49  Roach x2  
  165  9:56  Baneling x12  
  165  10:09  Overlord x5  
  165  10:14  Queen  
  151  10:25  Zergling x18  
  151  10:26  Zergling x22  
  163  10:46  Drone x4  
  163  10:47  Drone  
  163  10:48  Drone x2  
  170  10:50  Roach x5  
  170  10:51  Roach x5  
Tags
 
Add a new tag
Caveats
  • Supply blocks, unpowered buildings, or Contaminate may cause inaccurate times.
  • Supply counts are checked every 10 seconds.